 Dungeon Crawl Stone Soup version 0.16.1-11-g651b585 (webtiles) character file.

52 in250t the Magician (level 3, -3/28 HPs)
             Began as a Naga Wizard on Apr 2, 2015.
             Slain by Natasha (10 damage)
             ... on level 3 of the Dungeon.
             The game lasted 00:05:55 (2300 turns).

in250t the Magician (Naga Wizard)                   Turns: 2300, Time: 00:05:55

Health: -3/28      AC:  2    Str:  9    XL:     3   Next: 85%
Magic:  3/8        EV: 10    Int: 19    God:
Gold:   180        SH:  0    Dex:  9    Spells: 1 memorised, 7 levels left

rFire  + . .     SeeInvis +     g - +0 dagger
rCold  + . .     Clarity  .     a - +0 robe
rNeg   . . .     SustAb   .     (no shield)
rPois  +         Gourm    .     b - +0 hat
rElec  .         Spirit   .     (no cloak)
rCorr  .         Warding  .     (no gloves)
rMut   .         Stasis   .     (no barding)
MR     .....                    (no amulet)
Stlth  ++........               r - ring of protection from cold
                                n - ring of protection from fire

@: short of breath, very slightly contaminated, very slow, not resistant to
hostile enchantments, unstealthy
A: spit poison, see invisible, deformed body, poison resistance, slowness 2, AC
+1
a: Spit Poison


You were on level 3 of the Dungeon.
You were not hungry.

You visited 1 branch of the dungeon, and saw 3 of its levels.

You collected 180 gold pieces.

Inventory:

Hand weapons
 g - a +0 dagger (weapon)
Armour
 a - a +0 robe (worn)
 b - a +0 hat (worn)
Jewellery
 n - a ring of protection from fire (left hand)
 r - a ring of protection from cold (right hand)
 y - an uncursed ring of teleport control
Magical devices
 z - a wand of enslavement (16)
Scrolls
 e - 2 scrolls of blinking {unknown}
 h - 2 scrolls of recharging {unknown}
 i - 2 scrolls of immolation {unknown}
 k - 3 scrolls of enchant weapon {unknown}
 q - a scroll of fear {unknown}
 s - 2 scrolls of teleportation {unknown}
 t - 2 scrolls of identify {unknown}
 w - a scroll of remove curse {unknown}
 x - a scroll of fog {unknown}
Potions
 f - a potion of cancellation {unknown}
 l - 2 potions of brilliance {unknown}
 m - 2 potions of restore abilities {unknown}
 o - 2 potions of curing {unknown}
 p - a potion of heal wounds {unknown}
 A - a potion of mutation {unknown}
 B - a potion of might {unknown}
 D - a potion of agility {unknown}
Books
 c - a book of Minor Magic

   Spells                             Type                      Level
   a - Magic Dart                     Conjuration                  1
   b - Blink                          Translocation                2
   c - Call Imp                       Summoning                    2
   d - Repel Missiles                 Charms/Air                   2
   e - Slow                           Hexes                        2
   f - Conjure Flame                  Conjuration/Fire             3
   g - Mephitic Cloud                 Conjuration/Poison/Air       3
Comestibles
 d - 3 bread rations
 j - a slice of pizza
 u - 4 beef jerkies
 C - a meat ration
 E - 2 poisonous chunks of flesh


   Skills:
 - Level 1.7 Dodging
 - Level 3.1 Stealth
 - Level 3.3 Spellcasting
 + Level 2.9 Conjurations
   Level 1.0 Summonings
   Level 1.0 Translocations


You had 7 spell levels left.
You knew the following spells:

 Your Spells              Type           Power        Failure   Level  Hunger
a - Magic Dart            Conj           ##..         6%          1    None


Dungeon Overview and Level Annotations

Branches:
Dungeon (3/15)

Altars:

Annotations:
D:3 Natasha


Innate Abilities, Weirdness & Mutations

You cannot wear boots.
You can spit poison.
Your serpentine skin is tough (AC +1).
You have supernaturally acute eyesight.
Armour fits poorly on your strangely shaped body.
Your system is resistant to poisons.
You cover ground very slowly.


Message History

Confirm with . or Enter, or press ? or * to list all spells.
Aiming: Magic Dart
Press: ? - help, Shift-Dir - straight line, f/p - Natasha
Aim: Natasha (heavily wounded, poisoned)
You miscast Magic Dart.
You are very lightly contaminated with residual magic.
Wisps of smoke drift from your hands. Natasha claws you!
* * * LOW HITPOINT WARNING * * *
Use which ability? (? or * to list)
You can't do that yet.
Unknown command.
Casting: Magic Dart
Confirm with . or Enter, or press ? or * to list all spells.
Aiming: Magic Dart
Press: ? - help, Shift-Dir - straight line, f/p - Natasha
Aim: Natasha (severely wounded, poisoned)
The magic dart hits Natasha.
Natasha is severely wounded.
Natasha claws you!
You die...

#..##.#.#..##.#.#.###)####
........#.....#.#.....#
#####.#.#...###.####..#
........#.... .... #..#
#####.#.#..####.......#
#.#.#... ...#....#
#.#.#.######.#....#
#.#.#......h......#
#.#.########@.....#
#.#..............##
#.############.### . .# #


You could see Natasha.

Vanquished Creatures
  2 oozes (D:2)
  An orc (D:3)
  8 hobgoblins
  8 kobolds
  A quokka (D:2)
  A ball python (D:3)
  9 bats
  3 giant cockroaches
  3 giant newts
  4 goblins
  6 rats
46 creatures vanquished.

Notes
Turn   | Place    | Note
--------------------------------------------------------------
     0 | D:1      | in250t, the Naga Wizard, began the quest for the Orb.
     0 | D:1      | Reached XP level 1. HP: 15/15 MP: 4/4
   127 | D:1      | Reached XP level 2. HP: 8/22 MP: 0/6
  1261 | D:2      | Reached XP level 3. HP: 28/28 MP: 1/8
  2293 | D:3      | Noticed Natasha
  2300 | D:3      | Slain by Natasha

Action                   || total
-------------------------++-------
Melee: Unarmed           ||     7
       Dagger            ||     5
 Cast: Magic Dart        ||    90
 Abil: Spit Poison       ||    19
  Eat: Chunk             ||     5
